 Dungeon Sprint DCSS version 0.25-a0-766-g0ecfff5982 (webtiles) character file.

Game seed: 9507575761687300538, levelgen mode: deterministic

6904 Caerthir the Bludgeoner (level 11, -4/80 HPs)
             Began as a Gargoyle Fighter on Apr 13, 2020.
             Was a High Priest of Okawaru.
             Slain by an orc warrior
             ... wielding a +0 flail
              (14 damage)
             ... in the Dungeon (Sprint IX: "|||||||||||||||||||||||||||||").
             The game lasted 00:06:45 (1541 turns).

Caerthir the Bludgeoner (Gargoyle Fighter)          Turns: 1541, Time: 00:06:46

Health: -4/80      AC: 35    Str: 20    XL:     11   Next: 6%
Magic:  14/14      EV: 12    Int: 13    God:    Okawaru [*****.]
Gold:   650        SH:  0    Dex: 11    Spells: 10/10 levels left

rFire    . . .     SeeInvis .   z - +3 great mace (protect)
rCold    . . .     Gourm    .   (shield currently unavailable)
rNeg     + . .     Faith    .   q - +1 chain mail
rPois    ∞         Spirit   .   y - +0 helmet
rElec    +         Reflect  .   p - +0 cloak
rCorr    .         Harm     .   a - +0 pair of gloves
MR       .....     NoTele   +   A - +0 pair of boots
Stlth    ..........             (no amulet)
HPRegen  0.23/turn              b - +3 ring of intelligence
MPRegen  0.14/turn              c - +2 ring of evasion

@: mighty, protection aura, very slightly contaminated, invisible
A: negative energy resistance 1, electricity resistance, unbreathing,
petrification resistance, rot immunity, AC +8
a: Heroism, Finesse, Renounce Religion


You were in the Dungeon.
You worshipped Okawaru.
Okawaru was extremely pleased with you.
You were not hungry.

You visited 1 branch You collected 650 gold pieces.

Inventory:

Hand Weapons
 o - a +2 vorpal dire flail
 x - a +2 morningstar of protection
 z - a +3 great mace of protection (weapon)
Missiles
 h - 11 silver javelins (quivered)
Armour
 a - a +0 pair of gloves (worn)
 p - a +0 cloak (worn)
 q - a +1 chain mail (worn)
 y - a +0 helmet (worn)
 A - a +0 pair of boots (worn)
Jewellery
 b - a +3 ring of intelligence (left hand)
 c - a +2 ring of evasion (right hand)
Wands
 n - a wand of acid (10)
Scrolls
 k - 2 scrolls of blinking
 l - 3 scrolls of remove curse
 m - 2 scrolls of amnesia
 t - 5 scrolls of enchant weapon
 u - a scroll of fog
 v - a scroll of identify
 w - 2 scrolls of enchant armour
Potions
 d - 3 potions of might
 e - 7 potions of curing
 i - 4 potions of magic
 s - a potion of brilliance
Miscellaneous
 r - a phial of floods
Comestibles
 f - 12 rations


   Skills:
 + Level 14.3 Fighting
 + Level 16.2 Maces & Flails
 + Level 13.6 Armour
 + Level 4.6 Dodging
 + Level 1.6 Stealth
   Level 6.1 Shields
 + Level 4.6 Invocations


You had 10 spell levels left.
You didn't know any spells.
Your spell library was empty.

Dungeon Overview and Level Annotations

Branches:
Dungeon (1/1)

Altars:
Cheibriados
Dithmenos
Elyvilon
Fedhas
Gozag
Hepliaklqana
Kikubaaqudgha
Makhleb
Nemelex Xobeh
Okawaru
Qazlal
Ru
Sif Muna
Trog
Uskayaw
Vehumet
Wu Jian
Xom
Yredelemnul
Zin
The Shining One
Beogh
Jiyva
Lugonu


Innate Abilities, Weirdness & Mutations

You are resistant to torment.
Your stone body is resilient. (AC +8)
You are immune to poison.
You resist negative energy. (rN+)
You are resistant to electric shocks. (rElec)
You can survive without breathing.
You are immune to petrification.
You are immune to rotting.


Message History

Okawaru is honoured by your kill.
Your Stealth skill increases to level 1!
You have reached level 11!
The orc warrior shouts!
You catch the helpless orc warrior completely off-guard!
You flatten the orc warrior like a pancake!!!
You kill the orc warrior!
Okawaru accepts your kill.
You completely miss the orc warrior.
The orc warrior shouts!
The orc warrior shouts!
You bludgeon the orc warrior!!
The orc warrior is almost dead.
The orc warrior shouts!
The orc warrior barely misses you.
You closely miss the orc warrior.
The orc warrior is almost dead.
The orc warrior hits you but does no damage.
The orc warrior hits you with a +0 flail!
You die...

▓.▓.▓.▓_▓
▓.▓.▓.▓.▓_▓
▓o▓.▓.▓.▓_▓
▓o▓.▓÷▓.▓_▓
▓o▓.▓†▓.▓_▓
▓o▓.▓.▓.▓_▓
▓o▓.▓.▓.▓_▓
▓o▓.▓.▓.▓_▓
▓@▓.▓.▓.▓_▓
▓.▓.▓.▓.▓_▓
▓)▓.▓.▓.▓_▓
▓.▓.▓.▓.▓_▓
▓.▓.▓.▓.▓_▓
▓.▓.▓.▓.▓_▓
▓.▓.▓÷▓.▓_▓
▓)▓.▓.▓.▓_▓
▓.▓.▓.▓.▓_▓


You could see 5 orc warriors and an orc priest.

Vanquished Creatures
  A hydra (D)
  A two-headed ogre (D)
  2 orc knights (D)
  A black mamba (D)
  A spiny frog (D)
  2 komodo dragons (D)
  A tengu conjurer (D)
  2 hippogriffs (D)
  A slime creature (D)
  A yak (D)
  A basilisk (D)
  A vampire mosquito (D)
  2 wargs (D)
  A hell hound (D)
  2 water moccasins (D)
  2 porcupines (D)
  2 ice beasts (D)
  5 orc warriors (D)
  5 wolves (D)
  A crocodile (D)
  4 bullfrogs (D)
  A crimson imp (D)
  A quasit (D)
  An orc priest (D)
  6 orc wizards (D)
  An iguana (D)
  A worker ant (D)
  A gnoll (D)
  2 leopard geckos (D)
  5 orcs (D)
  A bat (D)
  A bat skeleton (D)
  2 kobolds (D)
  A ball python (D)
  A ball python zombie (D)
  A giant cockroach zombie (D)
  A leopard gecko skeleton (D)
66 creatures vanquished.

Vanquished Creatures (others)
  A spatial maelstrom (D)
1 creature vanquished.

Grand Total: 67 creatures vanquished

Notes
Turn   | Place    | Note
-------+----------+-------------------------------------------
     0 | D        | Caerthir the Gargoyle Fighter began the quest for the Orb.
     0 | D        | Reached XP level 1. HP: 14/14 MP: 1/1
    14 | D        | Banished a spatial maelstrom
    31 | D        | Reached XP level 2. HP: 3/20 MP: 2/2
   318 | D        | Noticed an ice beast
   322 | D        | Killed an ice beast
   322 | D        | Reached skill level 5 in Fighting
   322 | D        | Reached skill level 3 in Maces & Flails
   322 | D        | Reached XP level 3. HP: 27/27 MP: 3/3
   322 | D        | Reached XP level 4. HP: 32/32 MP: 4/4
   390 | D        | Found a roughly hewn altar of Beogh.
   390 | D        | Found a snail-covered altar of Cheibriados.
   390 | D        | Found a shadowy altar of Dithmenos.
   390 | D        | Found a white marble altar of Elyvilon.
   390 | D        | Found a blossoming altar of Fedhas.
   390 | D        | Found an opulent altar of Gozag.
   391 | D        | Found a hazy altar of Hepliaklqana.
   392 | D        | Found a viscous altar of Jiyva.
   393 | D        | Found an ancient bone altar of Kikubaaqudgha.
   394 | D        | Found a corrupted altar of Lugonu.
   395 | D        | Found a burning altar of Makhleb.
   396 | D        | Found a sparkling altar of Nemelex Xobeh.
   397 | D        | Found an iron altar of Okawaru.
   398 | D        | Found a stormy altar of Qazlal.
   399 | D        | Found a sacrificial altar of Ru.
   400 | D        | Found a shimmering blue altar of Sif Muna.
   401 | D        | Found a bloodstained altar of Trog.
   402 | D        | Found a hide-covered altar of Uskayaw.
   403 | D        | Found a radiant altar of Vehumet.
   404 | D        | Found an ornate altar of the Wu Jian Council.
   405 | D        | Became a worshipper of Warmaster Okawaru
   406 | D        | Found a shimmering altar of Xom.
   407 | D        | Found a basalt altar of Yredelemnul.
   408 | D        | Found a glowing silver altar of Zin.
   409 | D        | Found a glowing golden altar of the Shining One.
   468 | D        | Noticed a two-headed ogre
   473 | D        | Reached skill level 4 in Maces & Flails
   473 | D        | Reached skill level 1 in Dodging
   473 | D        | Reached XP level 5. HP: 37/37 MP: 5/5
   483 | D        | Killed a two-headed ogre
   483 | D        | Reached * piety under Okawaru
   483 | D        | Reached ** piety under Okawaru
   483 | D        | Reached skill level 9 in Maces & Flails
   483 | D        | Reached skill level 10 in Armour
   483 | D        | Reached XP level 6. HP: 39/48 MP: 6/6
   483 | D        | Reached XP level 7. HP: 42/52 MP: 7/7
   512 | D        | Noticed a tengu conjurer
   512 | D        | Noticed a slime creature
   512 | D        | Noticed a vampire mosquito
   519 | D        | Killed a vampire mosquito
   519 | D        | Reached skill level 10 in Fighting
   519 | D        | Reached XP level 8. HP: 39/57 MP: 5/8
   527 | D        | Killed a slime creature
   527 | D        | Reached skill level 10 in Maces & Flails
   531 | D        | Reached *** piety under Okawaru
   531 | D        | Reached skill level 1 in Invocations
   538 | D        | Killed a tengu conjurer
   538 | D        | Reached skill level 11 in Maces & Flails
   789 | D        | Noticed a komodo dragon
   789 | D        | Noticed an eight-headed hydra
   789 | D        | Noticed a komodo dragon
   789 | D        | Noticed a hippogriff
   793 | D        | Killed a hippogriff
   793 | D        | Reached XP level 9. HP: 64/64 MP: 7/10
   801 | D        | Killed a komodo dragon
   801 | D        | Reached **** piety under Okawaru
   801 | D        | Reached skill level 12 in Maces & Flails
   807 | D        | Killed an eight-headed hydra
   807 | D        | Received a gift from Okawaru
   807 | D        | Reached skill level 13 in Maces & Flails
   816 | D        | HP: 3/65 [komodo dragon (21)]
   819 | D        | Killed a komodo dragon
   819 | D        | Reached ***** piety under Okawaru
   825 | D        | Reached skill level 14 in Maces & Flails
   838 | D        | Reached XP level 10. HP: 25/72 MP: 8/12
  1071 | D        | Noticed a black mamba
  1071 | D        | Noticed a spiny frog
  1081 | D        | Killed a spiny frog
  1081 | D        | Received a gift from Okawaru
  1083 | D        | Killed a black mamba
  1090 | D        | Reached skill level 15 in Maces & Flails
  1410 | D        | Received a gift from Okawaru
  1493 | D        | Noticed an orc knight
  1499 | D        | Received a gift from Okawaru
  1512 | D        | Noticed an orc knight
  1530 | D        | Killed an orc knight
  1530 | D        | Reached skill level 16 in Maces & Flails
  1537 | D        | Killed an orc knight
  1537 | D        | Reached skill level 1 in Stealth
  1537 | D        | Reached XP level 11. HP: 9/80 MP: 14/14
  1541 | D        | Slain by an orc warrior

Levels and vault maps discovered:
D:        linesprint [early_d, line_temple, items_1, d_10, items_2, lair_1,
          lair_end, items_3, orc_1, orc_end, items_4, d_15, swamp_1, shoals_1,
          snake_1, spider_1, d_20, vaults_1, items_5, swamp_end, shoals_end,
          snake_end, spider_end, vaults_end, d_27, items_6, zot_1, zot_end,
          crypt_end, forest_end, elf_end, slime_end, tomb_end, abyss_end,
          pan_hell_end]

Skill      XL: |  1  2  3  4  5  6  7  8  9 10 |
---------------+-------------------------------+-----
Fighting       | 4 5 6 9 10 11 12 14 | 14.3
Armour         | 4 6 10 11 12 13 | 13.6
Maces & Flails | 3 4 9 11 14 16 | 16.2
Shields        | 6 |  6.1
Dodging        | 1 2 3 4 |  4.6
Invocations    | 1 3 4 |  4.6
Stealth        | 1 |  1.6

Action                   |  1- 3 |  4- 6 |  7- 9 | 10-12 || total
-------------------------+-------+-------+-------+-------++-------
Melee: Flail             |    29 |     7 |       |       ||    36
       Dire flail        |       |    13 |    88 |   113 ||   214
       Great mace        |       |       |       |    18 ||    18
Invok: Heroism           |       |       |     5 |     5 ||    10
  Use: Potion            |     1 |     2 |     2 |     4 ||     9
 Stab: Invisible         |       |       |       |     4 ||     4
  Eat: Chunk             |       |       |       |     2 ||     2
Armor: Scale mail        |     6 |     2 |       |       ||     8
       Chain mail        |       |     8 |    36 |    50 ||    94
Dodge: Dodged            |    12 |    12 |    39 |    60 ||   123
Block: Kite shield       |    16 |       |       |       ||    16

Table legend:
 A = Non-vault XP
 B = Vault XP
 C = Vault XP percentage of total XP
 D = Non-vault monster count
 E = Vault monster count
 F = Vault count percentage of total count
                 A         B        C        D         E       F
            +---------+---------+-------+---------+---------+-------
      Total |       0 |    9864 | 100.0 |       0 |      66 | 100.0
            +---------+---------+-------+---------+---------+-------
          D |       0 |    9864 | 100.0 |       0 |      66 | 100.0
            +---------+---------+-------+---------+---------+-------
